 Dungeon Crawl Stone Soup version 0.22-b1-21-g5cfc168 (webtiles) character file.

102 tyranidshit the Skirmisher (level 4, 0/39 HPs)
             Began as a Demonspawn Abyssal Knight on Aug 2, 2018.
             Was a Follower of Lugonu.
             Slain by an orc
             ... wielding a +2 falchion of electrocution
              (15 damage)
             ... on level 3 of the Dungeon.
             The game lasted 00:04:33 (1894 turns).

tyranidshit the Skirmisher (DsAK)                   Turns: 1894, Time: 00:04:36

Health: 0/39       AC:  5    Str: 13    XL:     4   Next: 50%
Magic:  5/5        EV:  8    Int: 13    God:    Lugonu [*.....]
Gold:   152        SH: 13    Dex: 13    Spells: 3/3 levels left

rFire    . . .     SeeInvis .   a - +1 hand axe
rCold    . . .     Gourm    .   j - +2 large shield
rNeg     . . .     Faith    .   d - +0 ring mail
rPois    +         Spirit   .   (no helmet)
rElec    .         Reflect  .   (no cloak)
rCorr    .         Harm     .   (no gloves)
MR       +....     Rnd*Rage +   (no boots)
Stlth    +.........             (no amulet)
HPRegen  0.13/turn              i - ring of poison resistance
MPRegen  0.09/turn              (no ring)

@: no status effects
A: repulsion field 2, berserk 1, magic resistance 1, evolution 1
a: Depart the Abyss, Renounce Religion


You were on level 3 of the Dungeon.
You worshipped Lugonu.
Lugonu was aware of your devotion.
You were not hungry.

You visited 1 branch of the dungeon, and saw 3 of its levels.
You visited the Abyss 1 time.

You collected 152 gold pieces.

Inventory:

Hand Weapons
 a - a +1 hand axe (weapon)
Armour
 b - a +0 leather armour
 d - a +0 ring mail (worn)
 j - a +2 large shield (worn)
Jewellery
 i - a ring of poison resistance (left hand)
Scrolls
 e - a scroll of blinking
 f - 6 scrolls of identify
 h - 4 scrolls of remove curse
Potions
 g - a potion of mutation
Comestibles
 c - 4 rations


   Skills:
 - Level 5.2 Fighting
 - Level 1.7 Axes
 - Level 1.7 Armour
 - Level 0.8 Dodging
 + Level 0.8 Shields
 - Level 2.4 Invocations


You had 3 spell levels left.
You didn't know any spells.
Your spell library was empty.

Dungeon Overview and Level Annotations

Branches:
Dungeon (3/15)

Altars:


Innate Abilities, Weirdness & Mutations

You are surrounded by a moderate repulsion field. (EV +3)
You tend to lose your temper in combat.
You are resistant to hostile enchantments. (MR+)
You evolve.


Message History

An orc comes into view.
It is wielding a falchion of electrocution.
There is an open door here.
An orc is nearby!
An orc is nearby!
An orc is nearby!
You closely miss the orc.
The orc hits you with a falchion of electrocution.
You block the orc's attack.
You closely miss the orc. The orc hits you but does no damage.
You are electrocuted!
You hit the orc.
The orc is heavily wounded.
You block the orc's attack.
You hit the orc.
The orc is heavily wounded.
The orc hits you with a falchion of electrocution.
You are electrocuted!
The orc hits you with a falchion of electrocution.
You are electrocuted!
You die...

##+## #
##...##
#.##.....##
#.#.......##
.#..........#
............+
.......o....#
#...@...#
##.....##
##...## ##'##
#.# #.# ##.##
##...##
#.....#


You could see an orc.

Vanquished Creatures
  A gnoll (D:1)
  4 adders
  2 dart slugs
  4 leopard geckos
  4 orcs (D:3)
  A giant cockroach (D:1)
  6 goblins
  5 hobgoblins
  A kobold (D:1)
  A quokka (D:2)
  5 bats
  3 frilled lizards (D:1)
  11 rats
48 creatures vanquished.

Notes
Turn   | Place    | Note
-------+----------+-------------------------------------------
     0 | Abyss:1  | tyranidshit the Demonspawn Abyssal Knight began the quest for the Orb.
     0 | Abyss:1  | Reached XP level 1. HP: 18/18 MP: 2/2
    71 | Abyss:1  | Noticed a vampire mage
    72 | D:1      | Escaped the Abyss
    89 | D:1      | Gained mutation: You tend to lose your temper in combat. [potion of mutation]
    89 | D:1      | Gained mutation: You evolve. [potion of mutation]
   119 | D:1      | Reached * piety under Lugonu
   262 | D:1      | Gained mutation: You are surrounded by a mild repulsion field. (EV +2) [demonic ancestry]
   262 | D:1      | Reached XP level 2. HP: 21/24 MP: 3/3
   359 | D:1      | Reached skill level 4 in Fighting
   689 | D:1      | Reached XP level 3. HP: 29/30 MP: 4/4
   985 | D:2      | Gained mutation: You are resistant to hostile enchantments. (MR+) [evolution]
  1111 | D:2      | Reached skill level 5 in Fighting
  1111 | D:2      | Gained mutation: You are surrounded by a moderate repulsion field. (EV +3) [demonic ancestry]
  1111 | D:2      | Reached XP level 4. HP: 10/39 MP: 5/5
  1894 | D:3      | Slain by an orc

Skill      XL: |  1  2  3 |
---------------+----------+-----
Fighting       | 4 5 |  5.2
Axes           | |  1.7
Armour         | |  1.7
Dodging        | |  0.8
Shields        | |  0.8
Invocations    | |  2.4

Action                   |  1- 3 |  4- 6 || total
-------------------------+-------+-------++-------
Melee: Hand axe          |   124 |    70 ||   194
Invok: Depart the Abyss  |     1 |       ||     1
  Use: Potion            |     4 |       ||     4
       Scroll            |     4 |     1 ||     5
 Stab: Sleeping          |     1 |       ||     1
  Eat: Ration            |       |     1 ||     1
Armor: Leather armour    |    29 |     1 ||    30
       Ring mail         |       |    16 ||    16
Dodge: Dodged            |   102 |    39 ||   141
Block: Large shield      |       |    17 ||    17
